 Dungeon Crawl Stone Soup version 0.29-a0-520-gc852659d43 (webtiles) character file.

Game seed: 7016586069194423981

2283 testman the Cleaver (level 9, -3/82 HPs)
             Began as a Hill Orc Fighter on May 31, 2022.
             Was a Follower of Beogh.
             Killed from afar by an electric eel (6 damage)
             ... with a bolt of electricity
             ... on level 5 of the Dungeon.
             The game lasted 00:22:07 (5386 turns).

testman the Cleaver (Hill Orc Fighter)              Turns: 5386, Time: 00:22:08

Health: -3/82      AC: 15    Str: 23    XL:     9   Next: 39%
Magic:  14/14      EV:  6    Int:  8    God:    Beogh [*.....]
Gold:   308        SH:  5    Dex: 16    Spells: 9/9 levels left

rFire   . . .      SeeInvis +   a - +0 war axe
rCold   . . .      Faith    .   c - +0 buckler
rNeg    . . .      Spirit   .   e - +0 plate armour
rPois   .          Reflect  .   l - +0 helmet
rElec   .          Harm     .   s - +0 cloak
rCorr   .          Rampage  .   (no gloves)
Will    .....                   (no boots)
Stlth   ..........              (no amulet)
HPRegen 0.23/turn               k - ring of see invisible
MPRegen 0.14/turn               d - +6 ring of dexterity

@: no status effects
A: no striking features
a: Renounce Religion


You were on level 5 of the Dungeon.
You worshipped Beogh.
Beogh was aware of your devotion.
You visited 1 branch of the dungeon, and saw 5 of its levels.

You collected 308 gold pieces.

Inventory:

Hand Weapons
 a - a +0 war axe (weapon)
Missiles
 i - 2 throwing nets
 j - 6 silver javelins
 o - 4 poisoned darts
 v - 4 javelins (quivered)
 B - 2 boomerangs
Armour
 b - a +0 scale mail
 c - a +0 buckler (worn)
 e - a +0 plate armour (worn)
 l - a +0 helmet (worn)
 s - a +0 cloak (worn)
 y - +0 steam dragon scales
Jewellery
 d - a +6 ring of dexterity (right hand)
 k - a ring of see invisible (left hand)
 w - a ring of willpower
Wands
 t - a wand of flame (13)
Scrolls
 h - 2 scrolls of magic mapping {unknown}
 m - a scroll of immolation {unknown}
 n - 4 scrolls of identify {unknown}
 q - a scroll of blinking {unknown}
 r - 2 scrolls of fear {unknown}
 u - a scroll of brand weapon {unknown}
 x - a scroll of summoning {unknown}
 z - a scroll of fog {unknown}
 A - a scroll of teleportation {unknown}
Potions
 g - 6 potions of curing
 p - a potion of brilliance {unknown}


   Skills:
 + Level 8.6 Fighting
 + Level 8.8 Axes
 - Level 2.0 Throwing
 + Level 6.2 Armour
 - Level 4.0 Shields
 - Level 0.5 Spellcasting
 + Level 7.1 Invocations


You had 9 spell levels left.
You didn't know any spells.
Your spell library contained the following spells:

 Spells                   Type           Power      Damage    Failure   Level
 Gell's Gravitas          Tloc           0%         N/A       100%        3
 Teleport Other           Tloc           0%         N/A       100%        3
 Passage of Golubria      Tloc           0%         N/A       100%        4
 Silence                  Hex/Air        0%         N/A       100%        5
 Dispersal                Tloc           0%         N/A       100%        6
 Lehudib's Crystal Spear  Conj/Erth      0%         10d2      100%        8


Dungeon Overview and Level Annotations

Branches:
Dungeon (5/15)
 Temple: D:4-7

Altars:
Hepliaklqana
Sif Muna
Trog


Message History

* * * LOW HITPOINT WARNING * * *
The bolt of electricity misses you.
The bolt of electricity hits the electric eel.
The electric eel completely resists.
The bolt of electricity hits the plant!
You hit the electric eel.
You kill the electric eel!
Beogh accepts your kill.
You barely miss the electric eel. You miss the electric eel.
The electric eel shoots out a bolt of lightning at you!
The bolt of electricity hits you!
* * * LOW HITPOINT WARNING * * *
It was a potion of heal wounds.
You feel much better.
The electric eel shoots out a bolt of lightning at you!
The bolt of electricity hits you!
* * * LOW HITPOINT WARNING * * *
The electric eel shoots out a bolt of lightning at you!
The bolt of electricity hits you!
* * * LOW HITPOINT WARNING * * *
You miss the electric eel.
The electric eel is lightly wounded.
You hit the electric eel.
A nearby plant withers and dies. x2
You hit the electric eel.
The electric eel is heavily wounded.
You slash the electric eel!
You kill the electric eel!
Beogh accepts your kill.
You hear a splash.
The electric eel shoots out a bolt of lightning at you!
The bolt of electricity hits you.
* * * LOW HITPOINT WARNING * * *
The electric eel shoots out a bolt of lightning at you!
The bolt of electricity hits you!
* * * LOW HITPOINT WARNING * * *
You hit the electric eel.
The electric eel is heavily wounded.
You closely miss the electric eel.
The electric eel is heavily wounded.
The electric eel shoots out a bolt of lightning at you!
The bolt of electricity hits you.
You die...

#.# #..###### #...... #.#
#..'..≈≈## #.#...#
#.###..#####≈######
#.##...
......##SSS##≈....##
#.#####
#.##..#≈≈.≈≈######≈## #.#
#. #.##..#($[.$##≈≈≈##≈#
#.# #.
#.....#≈PPP≈#≈≈.≈≈#≈# #.#
#. ####..#≈..PP#.!S!†#≈#
#.####.
####..#.....#.≈≈@?#≈#
#...... ...#..# #.≈.≈.#≈#
######. ##.#####+
#.....#.# ###. #.#
#..#####.....#.# #...
##.####...≈≈##'..##.#
##.#.
##.##.#####)..####≈######
#...# ##.##.#.#
###..≈≈≈###...#####...#
##.##.#.#
########.###.##......
##.##.#.# #.# #.........


You could see an electric eel.

Vanquished Creatures
  A two-headed ogre (D:5)
  Grinder (D:3)
  The ghost of jsc1455 the Ruffian, an amateur TrBe of Trog (D:4)
  A steam dragon (D:5)
  A water moccasin (D:5)
  An orc warrior (D:5)
  A black bear (D:5)
  An ogre (D:5)
  An ice beast (D:5)
  A necrophage (D:4)
  2 electric eels (D:5)
  3 quasits (D:4)
  A hound (D:4)
  2 jellies (D:5)
  Crazy Yiuf (D:2)
  Terence (D:2)
  Natasha (thrice) (D:2)
  2 iguanas
  5 orc wizards
  6 adders
  2 worms
  4 dart slugs
  10 orcs
  5 ball pythons
  6 bats
  11 endoplasms
  4 giant cockroaches
  5 hobgoblins
  4 jackals
  5 kobolds
  2 quokkas
  A frilled lizard (D:1)
  3 goblins
  8 rats
106 creatures vanquished.

Vanquished Creatures (others)
  A hobgoblin (D:3)
  2 plants (D:5)
3 creatures vanquished.

Grand Total: 109 creatures vanquished

Notes
Turn   | Place    | Note
-------+----------+-------------------------------------------
     0 | D:1      | testman the Hill Orc Fighter began the quest for the Orb.
     0 | D:1      | Reached XP level 1. HP: 19/19 MP: 1/1
   156 | D:1      | Reached XP level 2. HP: 27/27 MP: 2/2
   359 | D:1      | Reached XP level 3. HP: 34/34 MP: 3/3
   768 | D:2      | Noticed Terence
   780 | D:2      | Killed Terence
   781 | D:2      | Reached XP level 4. HP: 36/41 MP: 4/4
   917 | D:2      | Noticed Natasha
   927 | D:2      | Killed Natasha
   928 | D:2      | Reached skill level 5 in Fighting
   999 | D:2      | Noticed Natasha
  1004 | D:2      | Killed Natasha
  1005 | D:2      | Reached skill level 5 in Axes
  1005 | D:2      | Reached XP level 5. HP: 34/48 MP: 5/5
  1035 | D:2      | Noticed Natasha
  1057 | D:2      | Killed Natasha
  1233 | D:2      | Found a faded altar of an unknown god.
  1247 | D:2      | Prayed at the altar of an unknown god.
  1247 | D:2      | Became a worshipper of Sif Muna the Loreminder
  1247 | D:2      | Reached * piety under Sif Muna
  1552 | D:2      | Found a runed translucent door.
  1553 | D:2      | Noticed Crazy Yiuf
  1566 | D:2      | Killed Crazy Yiuf
  1567 | D:2      | Reached skill level 1 in Invocations
  1777 | D:3      | Reached XP level 6. HP: 52/57 MP: 5/7
  1938 | D:3      | Fell from the grace of Sif Muna
  1938 | D:3      | Became a worshipper of Beogh the Brigand
  2214 | D:3      | Noticed Grinder
  2222 | D:3      | Paralysed by Grinder for 4 turns
  2233 | D:3      | Killed Grinder
  2234 | D:3      | Reached XP level 7. HP: 53/64 MP: 7/9
  2858 | D:4      | Identified the +4 whip of Nemelex Xobeh's Regard {freeze,
                  | rPois Will+++ Int+4 Dex-5}
  2859 | D:4      | Found a bloodstained altar of Trog.
  2902 | D:4      | Found a transporter.
  3302 | D:4      | Found a transporter.
  3307 | D:4      | Noticed jsc1455's ghost (amateur TrBe)
  3433 | D:4      | Reached * piety under Beogh
  3494 | D:4      | Killed jsc1455's ghost
  3502 | D:4      | Reached XP level 8. HP: 21/73 MP: 11/11
  3756 | D:5      | Entered Level 5 of the Dungeon
  3932 | D:5      | Reached skill level 5 in Invocations
  4379 | D:5      | Reached skill level 1 in Throwing
  4379 | D:5      | Reached skill level 5 in Armour
  4843 | D:5      | Found a hazy altar of Hepliaklqana.
  5042 | D:5      | Noticed a two-headed ogre
  5053 | D:5      | Killed a two-headed ogre
  5054 | D:5      | Reached XP level 9. HP: 12/82 MP: 12/14
  5381 | D:5      | HP: 2/82 [electric eel/bolt of electricity (8)]
  5386 | D:5      | Killed from afar by an electric eel

Illustrated notes

Levels and vault maps discovered:
D:1:      sevenhm_arrival_forest_fort_large_3, layout_basic, minmay_cupped
D:2:      layout_rooms, hellmonk_ecumenical_altar_arch_garden,
          uniq_crazy_yiuf_cottage, uniq_terence, uniq_natasha
D:3:      layout_basic, uniq_grinder
D:4:      layout_loops_cross, mainiacjoe_overflow_paths,
          gammafunk_ghost_stat_death
D:5:      cheibrodos_two_vegetables, layout_loops_ring,
          nicolae_hepliaklqana_hippocampus, dk_vineyard_1

Skill      XL: |  1  2  3  4  5  6  7  8 |
---------------+-------------------------+-----
Axes           | 3 4 5 6 7 8 |  8.8
Fighting       | 4 5 6 7 8 |  8.6
Invocations    | 1 3 4 7 |  7.1
Armour         | 4 6 |  6.2
Shields        | 4 |  4.0
Throwing       | 2 |  2.0
Spellcasting   | |  0.5

Action                   |  1- 3 |  4- 6 |  7- 9 || total
-------------------------+-------+-------+-------++-------
Melee: War axe           |    79 |   112 |   167 ||   358
Throw: Javelin           |       |     6 |     5 ||    11
Invok: Convert to Beogh  |       |     1 |       ||     1
  Use: Potion            |       |       |     3 ||     3
 Stab: Invisible         |       |       |     5 ||     5
Armor: Plate armour      |    53 |    78 |   121 ||   252
Dodge: Dodged            |    29 |    27 |    62 ||   118
Block: Buckler           |    21 |    29 |    49 ||    99

Table legend: (Time is in decaauts)
 A = Elapsed time spent in this place.
 B = Non-inter-level travel time spent in this place.
 C = Inter-level travel time spent in this place.
 D = Time resting spent in this place.
 E = Time spent auto-exploring this place.
 F = Levels seen in this place.
 G = Mean time per level.
                   A        B        C        D        E       F      G
               +--------+--------+--------+--------+--------+-----+--------+
         Total |   5526 |   5335 |    191 |   1090 |   3248 |   5 | 1105.2 |
       Dungeon |   5526 |   5335 |    191 |   1090 |   3248 |   5 | 1105.2 |
               +--------+--------+--------+--------+--------+-----+--------+

Top non-repeatable levels by time:
     D:5: 1654 daAuts
     D:4: 1140 daAuts
     D:2: 1113 daAuts
     D:3: 891 daAuts
     D:1: 726 daAuts
